General information
- name: BNet
- type: Ladder team game (AT/RT)
- host: Battle.net
- saver: DieSoldaten
map: MarketSquare
- players: 8
- length: 22:32
- speed: Fast
- version: 1.26 W3XP
- replay type: Public
» download(128 KB)
Players
team 1 (winner)
Dr.NaGa.PoTm (
green | 45 APM | 1022 actions | 22:31)
6 Dark Ranger
3 Black Arrow
2 Silence
1 Charm
5 Naga Sea Witch
3 Frost Arrows
2 Forked Lightning
4 Priestess of the Moon
2 Trueshot Aura
2 Searing Arrows
» actions
| Assign group hotkey | 25 | |
| Build / train | 62 | |
| Enter build submenu | 12 | |
| Enter hero's abilities submenu | 15 | |
| Right click | 350 | |
| Select / deselect | 199 | |
| Select group hotkey | 316 | |
| Use ability | 43 | |
1022 total
» units
| Wisp | 19 | |
| Archer | 5 | |
| Hippogryph | 9 | |
| Chimaera | 4 | |
37 total
» upgrades
| Improved Bows | 1 | |
| Corrosive Breath | 1 | |
| Reinforced Hides | 1 | |
| Strength of the Wild | 1 | |
4 total
» buildings
| Ancient of War | 1 | |
| Moon Well | 9 | |
| Altar of Elders | 1 | |
| Ancient of Wonders | 2 | |
| Tree of Ages | 1 | |
| Tree of Eternity | 1 | |
| Ancient of Wind | 2 | |
| Tree of Life | 1 | |
| Chimaera Roost | 3 | |
| Hunter's Hall | 1 | |
22 total
» build order
00:23 Ancient of War
00:36 Moon Well
01:21 Altar of Elders
01:37 Moon Well
02:03 Ancient of Wonders
03:25 Tree of Ages
04:18 Moon Well
04:19 Moon Well
05:48 Tree of Eternity
06:19 Ancient of Wind
06:21 Ancient of Wind
07:07 Tree of Life
09:31 Chimaera Roost
09:32 Chimaera Roost
09:33 Chimaera Roost
09:36 Moon Well
09:36 Moon Well
09:38 Moon Well
09:41 Moon Well
09:42 Moon Well
14:09 Hunter's Hall
18:57 Ancient of Wonders
» items
WindStorm (
orange | 27 APM | 604 actions | 22:31)
4 Crypt Lord
2 Impale
2 Spiked Carapace
3 Death Knight
1 Death Coil
2 Unholy Aura
» actions
| Assign group hotkey | 31 | |
| Basic commands | 1 | |
| Build / train | 44 | |
| Enter build submenu | 13 | |
| Enter hero's abilities submenu | 7 | |
| Right click | 202 | |
| Select / deselect | 150 | |
| Select group hotkey | 106 | |
| Use ability | 50 | |
604 total
» units
| Acolyte | 3 | |
| Ghoul | 4 | |
| Crypt Fiend | 5 | |
| Frost Wyrm | 10 | |
22 total
» upgrades
| Burrow | 1 | |
| Web | 1 | |
| Creature Attack | 2 | |
| Freezing Breath | 1 | |
5 total
» buildings
| Crypt | 1 | |
| Ziggurat | 8 | |
| Graveyard | 1 | |
| Halls of the Dead | 1 | |
| Nerubian Tower | 2 | |
| Altar of Darkness | 1 | |
| Tomb of Relics | 1 | |
| Black Citadel | 1 | |
| Sacrificial Pit | 1 | |
| Boneyard | 3 | |
20 total
» build order
00:24 Crypt
00:35 Ziggurat
00:50 Graveyard
01:12 Ziggurat
02:09 Ziggurat
02:41 Halls of the Dead
02:44 Nerubian Tower
03:00 Altar of Darkness
03:22 Tomb of Relics
03:39 Ziggurat
05:03 Black Citadel
06:04 Sacrificial Pit
06:38 Ziggurat
06:40 Ziggurat
07:04 Nerubian Tower
07:27 Boneyard
07:31 Boneyard
07:35 Boneyard
10:13 Ziggurat
10:15 Ziggurat
» items
| Rod of Necromancy | 1 | |
| Potion of Healing | 2 | |
| Scroll of Town Portal | 1 | |
4 total
DieSoldaten (
yellow | 79 APM | 1785 actions | 22:32)
5 Blood Mage
3 Flame Strike
2 Siphon Mana
» actions
| Assign group hotkey | 38 | |
| Basic commands | 66 | |
| Build / train | 176 | |
| ESC pressed | 4 | |
| Enter build submenu | 59 | |
| Enter hero's abilities submenu | 5 | |
| Give item / drop item | 4 | |
| Right click | 439 | |
| Select / deselect | 276 | |
| Select group hotkey | 563 | |
| Use ability | 155 | |
1785 total
» units
| Peasant | 24 | |
| Footman | 10 | |
| Sorceress | 1 | |
| Mortar Team | 5 | |
| Gryphon Rider | 3 | |
43 total
» upgrades
| Masonry | 3 | |
| Swords | 3 | |
| Lumber Harvesting | 2 | |
| Gunpowder | 3 | |
| Sorceress Training | 1 | |
| Magic Sentry | 1 | |
| Fragmentation Shards | 1 | |
| Flak Cannons | 1 | |
| Flying Machine Bombs | 1 | |
| Cloud | 1 | |
| Storm Hammers | 1 | |
18 total
» buildings
| Altar of Kings | 2 | |
| Barracks | 1 | |
| Farm | 10 | |
| Town Hall | 1 | |
| Arcane Vault | 1 | |
| Lumber Mill | 2 | |
| Scout Tower | 24 | |
| Blacksmith | 1 | |
| Keep | 5 | |
| Guard Tower | 52 | |
| Arcane Tower | 7 | |
| Arcane Sanctum | 1 | |
| Castle | 3 | |
| Workshop | 3 | |
| Gryphon Aviary | 4 | |
117 total
» build order
00:10 Altar of Kings
00:11 Altar of Kings
00:13 Barracks
00:16 Farm
00:57 Farm
01:44 Farm
02:30 Farm
03:32 Town Hall
04:16 Arcane Vault
05:16 Lumber Mill
05:18 Lumber Mill
05:33 Scout Tower
05:39 Scout Tower
05:39 Scout Tower
05:50 Blacksmith
05:54 Keep
05:54 Keep
05:54 Keep
06:47 Guard Tower
06:47 Guard Tower
06:48 Guard Tower
06:49 Scout Tower
06:51 Scout Tower
06:55 Scout Tower
07:01 Scout Tower
07:19 Arcane Tower
07:20 Guard Tower
07:23 Arcane Tower
07:23 Arcane Tower
07:34 Guard Tower
07:38 Scout Tower
08:31 Arcane Sanctum
08:36 Guard Tower
08:38 Arcane Tower
08:38 Arcane Tower
09:45 Castle
09:46 Castle
09:46 Castle
09:50 Farm
09:59 Workshop
11:06 Guard Tower
11:07 Guard Tower
11:07 Guard Tower
11:07 Guard Tower
11:07 Guard Tower
11:10 Guard Tower
11:11 Guard Tower
11:11 Guard Tower
11:41 Workshop
11:44 Workshop
13:19 Scout Tower
13:20 Scout Tower
13:21 Scout Tower
13:22 Scout Tower
13:29 Scout Tower
13:30 Scout Tower
13:35 Scout Tower
13:36 Scout Tower
13:36 Scout Tower
13:37 Scout Tower
13:39 Scout Tower
14:55 Guard Tower
14:55 Guard Tower
15:32 Scout Tower
15:32 Scout Tower
15:33 Scout Tower
15:33 Scout Tower
15:34 Scout Tower
15:36 Guard Tower
15:37 Guard Tower
15:41 Guard Tower
15:41 Guard Tower
15:42 Guard Tower
16:03 Guard Tower
16:03 Guard Tower
16:03 Guard Tower
16:21 Guard Tower
16:21 Guard Tower
16:21 Guard Tower
16:29 Guard Tower
16:29 Guard Tower
16:30 Guard Tower
16:30 Guard Tower
16:37 Guard Tower
16:37 Guard Tower
16:38 Guard Tower
16:59 Guard Tower
18:21 Gryphon Aviary
18:22 Gryphon Aviary
18:24 Gryphon Aviary
18:25 Gryphon Aviary
21:29 Farm
21:32 Farm
21:33 Farm
21:35 Farm
21:35 Farm
» items
| Scroll of Regeneration | 7 | |
| Lesser Clarity Potion | 7 | |
| Boots of Speed | 1 | |
| Staff of Teleportation | 1 | |
| Periapt of Vitality | 1 | |
| Potion of Invisibility | 2 | |
| Scroll of Town Portal | 4 | |
| Ivory Tower | 3 | |
26 total

»
Nister (
red | 35 APM | 789 actions | 22:31)
6 Blademaster
3 Wind Walk
2 Critical Strike
1 Bladestorm
5 Tauren Chieftain
2 Endurance Aura
3 War Stomp
» actions
| Assign group hotkey | 7 | |
| Basic commands | 2 | |
| Build / train | 74 | |
| Enter build submenu | 17 | |
| Enter hero's abilities submenu | 11 | |
| Right click | 268 | |
| Select / deselect | 262 | |
| Select group hotkey | 113 | |
| Use ability | 35 | |
789 total
» units
| Peon | 16 | |
| Grunt | 4 | |
| Shaman | 13 | |
| Tauren | 15 | |
48 total
» upgrades
| Armor | 2 | |
| Shaman Training | 2 | |
| Pulverize | 1 | |
| Melee Weapons | 2 | |
7 total
» buildings
| Altar of Storms | 1 | |
| Orc Burrow | 8 | |
| Barracks | 1 | |
| Voodoo Lounge | 1 | |
| War Mill | 1 | |
| Stronghold | 1 | |
| Spirit Lodge | 1 | |
| Fortress | 1 | |
| Tauren Totem | 1 | |
| Great Hall | 1 | |
| Beastiary | 1 | |
18 total
» build order
00:05 Altar of Storms
00:22 Orc Burrow
01:18 Barracks
01:21 Voodoo Lounge
02:24 Orc Burrow
02:28 War Mill
03:14 Stronghold
03:24 Orc Burrow
04:27 Orc Burrow
05:38 Spirit Lodge
05:39 Fortress
06:55 Orc Burrow
08:21 Tauren Totem
09:37 Great Hall
09:41 Orc Burrow
10:41 Orc Burrow
11:42 Orc Burrow
17:47 Beastiary
» items
| Healing Salve | 3 | |
| Scroll of Town Portal | 1 | |
4 total
team 2 (loser)
Premiumplus (
teal | 31 APM | 581 actions | 18:28)
4 Archmage
2 Summon Water Elemental
2 Brilliance Aura
» actions
| Basic commands | 25 | |
| Build / train | 70 | |
| Enter build submenu | 23 | |
| Enter hero's abilities submenu | 4 | |
| Right click | 158 | |
| Select / deselect | 269 | |
| Use ability | 32 | |
581 total
» units
| Peasant | 15 | |
| Footman | 5 | |
| Priest | 4 | |
| Sorceress | 8 | |
| Knight | 13 | |
45 total
» upgrades
| Swords | 3 | |
| Plating | 4 | |
| Lumber Harvesting | 2 | |
| Priest Training | 2 | |
| Sorceress Training | 2 | |
| Animal War Training | 1 | |
14 total
» buildings
| Altar of Kings | 1 | |
| Barracks | 2 | |
| Farm | 13 | |
| Lumber Mill | 1 | |
| Keep | 2 | |
| Blacksmith | 1 | |
| Arcane Vault | 1 | |
| Town Hall | 1 | |
| Arcane Sanctum | 2 | |
| Castle | 1 | |
25 total
» build order
00:22 Altar of Kings
00:36 Barracks
00:52 Farm
01:32 Farm
01:42 Lumber Mill
02:10 Farm
02:48 Farm
02:54 Keep
02:55 Keep
03:18 Blacksmith
03:59 Farm
04:22 Arcane Vault
04:56 Farm
05:28 Town Hall
05:35 Barracks
05:38 Farm
06:20 Farm
06:44 Arcane Sanctum
07:19 Farm
08:16 Farm
08:18 Castle
08:29 Arcane Sanctum
08:58 Farm
09:40 Farm
10:22 Farm
Ethan444 (
purple | 56 APM | 1029 actions | 18:29)
4 Blood Mage
2 Siphon Mana
2 Banish
» actions
| Assign group hotkey | 9 | |
| Basic commands | 1 | |
| Build / train | 44 | |
| ESC pressed | 7 | |
| Enter build submenu | 20 | |
| Enter hero's abilities submenu | 4 | |
| Remove unit from queue | 3 | |
| Right click | 440 | |
| Select / deselect | 224 | |
| Select group hotkey | 219 | |
| Use ability | 58 | |
1029 total
» units
» upgrades
| Masonry | 1 | |
| Lumber Harvesting | 2 | |
| Gunpowder | 2 | |
| Plating | 2 | |
| Barrage | 1 | |
8 total
» buildings
| Altar of Kings | 1 | |
| Farm | 10 | |
| Scout Tower | 5 | |
| Arcane Vault | 1 | |
| Lumber Mill | 1 | |
| Arcane Tower | 1 | |
| Keep | 1 | |
| Guard Tower | 1 | |
| Blacksmith | 1 | |
| Castle | 1 | |
| Workshop | 4 | |
27 total
» build order
00:19 Altar of Kings
00:23 Farm
00:36 Farm
00:40 Scout Tower
00:53 Arcane Vault
01:44 Lumber Mill
02:13 Arcane Tower
03:54 Keep
03:58 Farm
04:01 Farm
04:02 Farm
04:03 Farm
04:04 Farm
04:05 Farm
04:06 Farm
04:25 Scout Tower
04:29 Scout Tower
04:33 Scout Tower
04:34 Scout Tower
04:56 Guard Tower
05:03 Blacksmith
05:23 Farm
06:59 Castle
07:44 Workshop
08:20 Workshop
08:25 Workshop
10:41 Workshop
14:01 Guard Tower
» items
| Staff of Teleportation | 1 | |
| Potion of Lesser Invulnerability | 1 | |
| Boots of Speed | 1 | |
| Scroll of Town Portal | 1 | |
4 total

»
MeisterLazar (
blue | 52 APM | 943 actions | 18:09)
6 Death Knight
3 Death Coil
2 Unholy Aura
1 Animate Dead
2 Lich
1 Frost Nova
1 Frost Armor
» actions
| Build / train | 62 | |
| Enter build submenu | 20 | |
| Enter hero's abilities submenu | 8 | |
| Remove unit from queue | 1 | |
| Right click | 546 | |
| Select / deselect | 261 | |
| Use ability | 44 | |
943 total
» units
| Acolyte | 11 | |
| Ghoul | 5 | |
| Crypt Fiend | 9 | |
| Frost Wyrm | 3 | |
28 total
» upgrades
| Creature Attack | 3 | |
| Creature Carapace | 2 | |
| Web | 1 | |
| Freezing Breath | 1 | |
7 total
» buildings
| Ziggurat | 9 | |
| Crypt | 1 | |
| Graveyard | 1 | |
| Altar of Darkness | 1 | |
| Tomb of Relics | 1 | |
| Necropolis | 1 | |
| Halls of the Dead | 1 | |
| Spirit Tower | 5 | |
| Black Citadel | 1 | |
| Sacrificial Pit | 1 | |
| Boneyard | 3 | |
25 total
» build order
00:22 Ziggurat
00:26 Crypt
00:49 Graveyard
01:11 Altar of Darkness
01:18 Tomb of Relics
01:28 Ziggurat
03:22 Ziggurat
04:12 Necropolis
04:54 Halls of the Dead
05:49 Ziggurat
05:52 Ziggurat
06:49 Spirit Tower
06:49 Spirit Tower
06:49 Spirit Tower
07:34 Black Citadel
08:17 Sacrificial Pit
08:31 Spirit Tower
10:19 Boneyard
10:21 Boneyard
10:25 Boneyard
11:17 Ziggurat
13:40 Ziggurat
13:42 Ziggurat
14:54 Ziggurat
16:43 Spirit Tower
» items
| Scroll of Regeneration | 2 | |
| Potion of Healing | 4 | |
| Potion of Mana | 1 | |
| Scroll of Town Portal | 2 | |
9 total
PaintedSkin (
pink | 28 APM | 631 actions | 22:31)
2 Death Knight
1 Death Coil
1 Unholy Aura
1 Dreadlord
1 Sleep
» actions
| Assign group hotkey | 14 | |
| Build / train | 47 | |
| Enter build submenu | 15 | |
| Enter hero's abilities submenu | 3 | |
| Right click | 236 | |
| Select / deselect | 110 | |
| Select group hotkey | 168 | |
| Use ability | 38 | |
631 total
» units
| Acolyte | 13 | |
| Ghoul | 6 | |
| Crypt Fiend | 2 | |
| Knight | 6 | |
| Rifleman | 3 | |
30 total
» upgrades
| Creature Carapace | 1 | |
| Creature Attack | 1 | |
| Web | 1 | |
| Long Rifles | 1 | |
4 total
» buildings
| Ziggurat | 8 | |
| Altar of Darkness | 1 | |
| Crypt | 1 | |
| Tomb of Relics | 1 | |
| Graveyard | 1 | |
| Halls of the Dead | 1 | |
| Sacrificial Pit | 1 | |
| Black Citadel | 1 | |
| Nerubian Tower | 1 | |
| Spirit Tower | 4 | |
20 total
» build order
00:10 Ziggurat
00:14 Altar of Darkness
00:32 Crypt
00:55 Tomb of Relics
01:19 Graveyard
01:36 Ziggurat
03:10 Halls of the Dead
04:19 Ziggurat
04:28 Ziggurat
06:34 Sacrificial Pit
08:44 Ziggurat
08:47 Ziggurat
08:51 Ziggurat
08:54 Ziggurat
10:17 Black Citadel
10:26 Nerubian Tower
11:05 Spirit Tower
11:06 Spirit Tower
11:08 Spirit Tower
11:10 Spirit Tower
» items
Chat log
(00:22 / Allies) DieSoldaten: I hope you guys don't suck
(00:28 / Allies) DieSoldaten: had to fucking 1v4 last game and ended up barely losing it
(00:29 / Allies) Nister: i hope too xD
(00:32 / Allies) Nister: me too xD
(00:40 / Allies) Nister: just me in my team with units
(00:51 / Allies) DieSoldaten: 44 minute match of wyrmbot on my team, a shitty bm harasser, and a shitty orc bm harasser
(01:04 / Allies) Nister: lol
(01:04 / Allies) DieSoldaten: their team sucked and lost their heroes to towers multiple times at high levels
(01:07 / Allies) DieSoldaten: my team was even worse
(01:23 / Allies) Nister: melee shaman here
(01:36 / Allies) Nister: or wanna rush?
(01:46 / Allies) DieSoldaten: rather not rush
(01:53 / Allies) Nister: ok
(01:57 / Allies) DieSoldaten: got to make up for a shitty 44 minute game by a good long one
(02:12 / Allies) DieSoldaten: At least I was reported to abuse@blizzard.com for my playstyle lol
(02:43 / Allies) Nister: i help you
(02:47 / Allies) DieSoldaten: I don't need help but thanks
(02:52 / Allies) Nister: i wont take item
(02:56 / Allies) DieSoldaten: I guess
(03:02 / Allies) Nister: many noobs do
(03:37 / Allies) Nister: units?
(12:14 / Allies) DieSoldaten: 1 hero lol
(12:36 / All) PaintedSkin: nice
(12:39 / All) DieSoldaten: ty
(14:17 / Allies) DieSoldaten: tanks
(14:22 / Allies) Dr.NaGa.PoTm: b
(14:28 / Allies) Nister: i destroy with tauren xD
(15:44 / Allies) Nister: meet?
(15:54 / Allies) DieSoldaten: they might hit me after all the damage I did
(16:39 / Allies) Nister: i tp
(16:52 / Allies) Nister: surprise
(16:53 / Allies) Nister: xD
(17:05 / Allies) DieSoldaten: I'm raping them with just a hero
(17:10 / All) DieSoldaten: Is your team saying anything about my bm?
(17:28 / Allies) Nister: help
(17:42 / Allies) Nister: lol no aa
(18:06 / Allies) DieSoldaten: I killed 2 ud players with 1 hero we better not lose lol
(18:27 / Allies) Nister: lol 5kk gold
(18:30 / All) DieSoldaten: lol
(18:33 / All) DieSoldaten: 1 hero won the game!
(18:44 / All) PaintedSkin: nice strategy
(18:46 / All) DieSoldaten: It is
(18:47 / All) DieSoldaten: Thanks
(18:52 / All) DieSoldaten: My friend came up with it, Turncoat
(19:12 / All) DieSoldaten: You should try it, it's fun as hell
(19:14 / All) DieSoldaten: Nobody else does it
(19:24 / Allies) Nister: yellow you suck XD
(19:28 / Allies) DieSoldaten: I did more than you all game
(19:30 / Allies) DieSoldaten: with 1 hero
(19:32 / Allies) DieSoldaten: I killed 2 ud players
(19:35 / Allies) Nister: lol
(19:39 / Allies) Nister: i dont see that
(19:41 / Allies) DieSoldaten: Do you seriously think you are better?
(19:46 / Allies) DieSoldaten: I killed 2 ud gold mines
(19:51 / Allies) DieSoldaten: 161-174 shit talking me lol
(20:04 / Allies) Nister: lvl 1 talking me lol
(20:21 / Allies) DieSoldaten: I'm a better player than you and I practially guarantee I have more apm unless you spam
(20:32 / Allies) Nister: noob
(20:33 / Allies) DieSoldaten: YOu did nothing with your blademaster all game
(20:39 / Allies) DieSoldaten: My bloodmage killed 2 undead mines
(20:41 / Allies) Nister: lvl 6
(20:45 / Allies) Nister: more than you
(20:47 / Allies) DieSoldaten: yeah and what do you have to show for it?
(21:03 / Allies) Nister: yes
(21:21 / Allies) DieSoldaten: That wasn't a yes or no question but ultimately you're a ladder superstar retard and no one cares what you think
(21:34 / Allies) Nister: you noob
(21:41 / Allies) DieSoldaten: OK buddy got any more?
(21:49 / Allies) Nister: very noob
(21:59 / Allies) DieSoldaten: DId you come up with that one yourself?
(22:03 / All) DieSoldaten: Pink who played better red or me?
(22:05 / All) DieSoldaten: He is calling me a noob
(22:11 / All) DieSoldaten: and says he has better hero usage with his blademaster